 Dungeon Sprint DCSS version 0.30-a0-972-gf3ab3527aa (webtiles) character file.

Game seed: 17671303465309194170

16 BigDaddyOpFi the Ducker (level 2, -4/21 HPs)
             Began as a Djinni Earth Elementalist on Mar 31, 2023.
             Was a Follower of Qazlal.
             Slain by a gnoll
             ... wielding a +0 spear
              (6 damage)
             ... while paralysed by a floating eye
             ... in the Dungeon (Sprint VII: "The Pits").
             The game lasted 00:00:41 (119 turns).

BigDaddyOpFi the Ducker (Djinni Earth Elementalist)  Turns: 119, Time: 00:00:41

Health: -4/21      AC:  2    Str:  7    XL:     2   Next: 75%
Gold:   0          EV:  2    Int: 16    God:    Qazlal [*.....] SH:  0 Dex: 13

rFire   + + .      SeeInvis .    i - +2 hand axe
rCold   x . .      Faith    .    (no shield)
rNeg    . . .      Spirit   .    a - +0 robe
rPois   ∞          Reflect  .    (no helmet)
rElec   .          Rampage  .    (no cloak)
rCorr   .          NoTele   +    (no gloves)
Will    .....                    (boots unavailable)
Stlth   ++                       (no amulet)
HPRegen 0.23/turn                (no ring)
MPRegen 0.00/turn                (no ring)

@: paralysed, on berserk cooldown, flying
A: sickness immunity, fire resistance 2, cold vulnerability 1, float, innate
caster, HP casting, extra vitality 1
a: Renounce Religion


You were in the Dungeon.
You worshipped Qazlal.
Qazlal was aware of your devotion.
You visited 1 branch

Inventory:

Hand Weapons
 i - a +2 hand axe (weapon)
Armour
 a - a +0 robe (worn)
Scrolls
 f - a scroll of blinking
Potions
 b - a potion of curing
 d - a potion of haste
 e - 2 potions of berserk rage
 g - 2 potions of invisibility
 h - 2 potions of magic


   Skills:
 + Level 3.8 Dodging
 + Level 3.0 Stealth
 + Level 3.2 Spellcasting


You knew the following spells:

 Your Spells              Type           Power      Damage    Failure   Level
a - Sandblast             Erth           26%        2d8       4%          1
b - Passwall              Tmut/Erth      10%        N/A       8%          2
c - Stone Arrow           Conj/Erth      26%        3d8       14%         3
d - Petrify               Tmut/Erth      13%        N/A       43%         4
Your spell library was empty.

Dungeon Overview and Level Annotations

Branches:
Dungeon (1/1)

Altars:
Ashenzari
Cheibriados
Dithmenos
Elyvilon
Fedhas
Gozag
Hepliaklqana
Makhleb
Nemelex Xobeh
Okawaru
Qazlal
Ru
Trog
Uskayaw
Wu Jian
Xom
Yredelemnul
Zin
The Shining One
Jiyva
Lugonu


Innate Abilities, Weirdness & Mutations

You are immune to sickness and miasma.
You are immune to poison.
Your flesh is very heat resistant. (rF++)
You are vulnerable to cold. (rC-)
You float through the air rather than walking.
You learn spells naturally, not from books.
Your magical power is your life essence.
You have superior vitality. (+4 MHP)


Message History

You start resting.
You feel your anger nearly subside.
You are no longer berserk.
You are exhausted.
You feel yourself slow down.
You start resting.
HP restored.
You start waiting.
You feel yourself speed up.
You reach down and open the door.
A kobold and a gnoll come into view.
The kobold shouts!
The gnoll shouts!
A floating eye comes into view.
Aiming: Sandblast (safe; 4% risk of failure)
Press: ? - help, Q - select action, (/) - cycle Shift-Dir - straight line, f - kobold
Aim: a kobold, wielding a +0 dagger and quivering stones (77% to hit)
The blast of sand hits the kobold.
The kobold is severely wounded.
The gnoll closely misses you. The kobold completely misses you.
Aiming: Sandblast (safe; 4% risk of failure)
Press: ? - help, Q - select action, (/) - cycle Shift-Dir - straight line, f/p - kobold
Aim: a kobold, wielding a +0 dagger and quivering stones (severely wounded, 77% to hit)
The blast of sand hits the kobold!
You kill the kobold!
Qazlal accepts your kill.
You are now surrounded by a storm.
The gnoll hits you from afar with a +0 spear.
The gnoll closely misses you.
The floating eye's stare focuses on you.
Aiming: Sandblast (safe; 4% risk of failure)
Press: ? - help, Q - select action, (/) - cycle Shift-Dir - straight line, f - floating eye
Aim: a floating eye (fully charged, 100% to hit)
The blast of sand hits the floating eye!
The floating eye is severely wounded.
The floating eye gazes piercingly through you!
You suddenly lose the ability to move!
The gnoll hits you from afar with a +0 spear.
The floating eye seems to glare at you.
The gnoll hits you from afar with a +0 spear!
* * * LOW HITPOINT WARNING * * *
The gnoll hits you from afar with a +0 spear.
You die...

#_________.#
#_______...###########+
##########'##..........
#.?(.')))'.##......#..#
##########.##..........
#...........'..........
#+#####†#####......#..#
#..#..# #..........
#.gG@.# ####'#####+
#..#### #.......# #.
#.......# # #.......#
#...<...# #.......#
#.......# #.......#
#########


You could see a floating eye (charged) and a gnoll.

Vanquished Creatures
  An adder (D)
  An ufetubus (D)
  A quokka (D)
  A kobold (D)
4 creatures vanquished.

Notes
Turn   | Place    | Note
-------+----------+-------------------------------------------
     0 | D        | BigDaddyOpFi the Djinni Earth Elementalist began the quest
                  | for the Orb.
     0 | D        | BigDaddyOpFi set off with the following spells memorised:
                  | Sandblast, Passwall, Stone Arrow, Petrify.
     0 | D        | Reached XP level 1. HP: 15/15 MP: 0/0
    20 | D        | Found a bloodstained altar of Trog.
    20 | D        | Found a viscous altar of Jiyva.
    20 | D        | Found a hazy altar of Hepliaklqana.
    20 | D        | Found an opulent altar of Gozag.
    21 | D        | Found a glowing golden altar of the Shining One.
    21 | D        | Found a glowing silver altar of Zin.
    21 | D        | Found a basalt altar of Yredelemnul.
    21 | D        | Found a shimmering altar of Xom.
    21 | D        | Found an ornate altar of the Wu Jian Council.
    21 | D        | Found a sacrificial altar of Ru.
    21 | D        | Found a stormy altar of Qazlal.
    21 | D        | Found an iron altar of Okawaru.
    21 | D        | Found a sparkling altar of Nemelex Xobeh.
    21 | D        | Found a burning altar of Makhleb.
    21 | D        | Found a blossoming altar of Fedhas.
    21 | D        | Found a white marble altar of Elyvilon.
    21 | D        | Found a shadowy altar of Dithmenos.
    21 | D        | Found a snail-covered altar of Cheibriados.
    22 | D        | Found a corrupted altar of Lugonu.
    24 | D        | Found a hide-covered altar of Uskayaw.
    24 | D        | Found a broken altar of Ashenzari.
    39 | D        | Became a worshipper of Qazlal Stormbringer
    80 | D        | Reached XP level 2. HP: 21/21 MP: 0/0
   114 | D        | Noticed a floating eye
   116 | D        | Reached * piety under Qazlal
   117 | D        | Paralysed by a floating eye for 4 turns
   119 | D        | Slain by a gnoll

Illustrated notes

Levels and vault maps discovered:
D:        pitsprint [storerooms_1, entrance_room_1, metal_vault_7, armoury_1,
          mini_pit_1, grid_room_1, main_hall_1, silver_pit, the_coven_3,
          the_vestibule_1, steel_vault_3, golden_pit, hallway_of_sentries,
          crystal_vault_6, iron_vault_1, final_vault]

Skill      XL: |  1  2 |
---------------+-------+-----
Dodging        | 3 |  3.8
Stealth        | 2 3 |  3.0
Spellcasting   | 3 |  3.2

Action                     || total
---------------------------++-------
  Melee: Hand axe          ||     6
   Cast: Sandblast         ||     9
    Use: Potion            ||     2
 Armour: Robe              ||     1
  Dodge: Dodged            ||    21

Table legend: (Time is in decaauts)
 A = Elapsed time spent in this place.
 B = Non-inter-level travel time spent in this place.
 C = Inter-level travel time spent in this place.
 D = Time resting spent in this place.
 E = Time spent auto-exploring this place.
 F = Levels seen in this place.
 G = Mean time per level.
                   A        B        C        D        E       F      G
               +--------+--------+--------+--------+--------+-----+--------+
         Total |    132 |    132 |      0 |     37 |      0 |   1 |  132.0 |
       Dungeon |    132 |    132 |      0 |     37 |      0 |   1 |  132.0 |
               +--------+--------+--------+--------+--------+-----+--------+

Top non-repeatable levels by time:
       D: 132 daAuts
